 Dungeon Crawl Stone Soup version 0.31-a0-227-ga22c3bf811 (webtiles) character file.

Game seed: 11074050396999938438

72499 Essalna the Warrior (level 15, -1/129 HPs)
             Began as a Demonspawn Ice Elementalist on July 4, 2023.
             Was the Champion of Vehumet.
             Slain by an orc warrior
             ... wielding a +0 war axe
              (11 damage)
             ... on level 2 of the Orcish Mines on July 6, 2023.
             The game lasted 01:23:05 (19046 turns).

Essalna the Warrior (Demonspawn Ice Elementalist)  Turns: 19046, Time: 01:23:06

Health: -1/129     AC: 25    Str:  8    XL:     15   Next: 1%
Magic:  0/23       EV: 20    Int: 27    God:    Vehumet [******]
Gold:   2118       SH:  0    Dex: 15    Spells: 12/25 levels left

rFire   + . .        y - staff of cold
rCold   + . .        o - +1 buckler {AC+3}
rNeg    . . .        G - +0 steam dragon scales
rPois   .            a - +2 helmet
rElec   .            d - +0 cloak
rCorr   .            t - +0 pair of gloves
SInv    .            (no boots)
Will    +....        O - amulet of regeneration
Stlth   +            p - ring of protection from fire
HPRegen 1.21/turn    B - +5 ring of evasion
MPRegen 0.36/turn

%: guardian spirit
@: confused, ice-armoured, ambrosia-drunk, freezing walls, very slightly
contaminated
A: spiny 1, magic shield, magic regeneration, black mark, big brain 2,
bedeviling, weakness stinger 2
a: Renounce Religion


You were on level 2 of the Orcish Mines.
You worshipped Vehumet.
Vehumet was exalted by your worship.
You visited 4 branches of the dungeon, and saw 18 of its levels.
You also visited: Bailey and Ice Cave.

You collected 2118 gold pieces.

Inventory:

Hand Weapons
 w - a +2 short sword of venom
 X - the +2 sling "Ucis" {freeze, rC++ Dex+3}
   (You found it on level 8 of the Dungeon)

   Dex:       It affects your dexterity (+3).
   rC:        It greatly protects you from cold.
Armour
 a - a +2 helmet (worn)
 d - a +0 cloak (worn)
 o - a +1 buckler of protection (worn)
 t - a +0 pair of gloves (worn)
 G - +0 steam dragon scales (worn)
 L - a +1 robe of willpower
 M - a +2 robe of positive energy
 N - a +2 robe of cold resistance
Magical Staves
 y - a staff of cold (weapon)
 P - the staff of Hell's Wrath {rPois Stlth+ Poison}
   (You found it on level 4 of the Lair of Beasts)

   [staff of poison]

   Base accuracy: +5 Base damage: 5 Base attack delay: 1.2 This weapon's minimum
   attack delay (0.6) is reached at skill level 12.
   rPois:     It protects you from poison.
   Poison:    It increases the power of your Poison spells.
   Stlth:     It makes you more stealthy.
   It falls into the 'Staves' category.
   It is a one-handed weapon.
 Y - a staff of fire
 Z - a staff of air
Jewellery
 f - a +6 ring of dexterity
 j - a ring of willpower
 p - a ring of protection from fire (left hand)
 A - a +6 ring of dexterity
 B - a +5 ring of evasion (right hand)
 J - an amulet of reflection
 O - an amulet of regeneration (around neck)
 S - a ring of ice
 W - a ring of fire
Wands
 x - a wand of mindburst (13)
 C - a wand of quicksilver (22)
 D - a wand of digging (11)
 E - a wand of flame (43)
 F - a wand of polymorph (7)
 T - a wand of iceblast (10)
Scrolls
 b - 4 scrolls of teleportation
 i - 11 scrolls of identify
 k - 2 scrolls of enchant weapon
 m - 3 scrolls of poison
 n - 2 scrolls of amnesia
 z - 2 scrolls of revelation
 Q - 2 scrolls of fog
Potions
 e - a potion of attraction {unknown}
 g - 3 potions of lignification {unknown}
 h - 2 potions of mutation {unknown}
 l - 3 potions of berserk rage {unknown}
 q - 4 potions of enlightenment {unknown}
 s - 2 potions of cancellation {unknown}
 u - 3 potions of brilliance {unknown}
 v - 5 potions of invisibility {unknown}
 H - 4 potions of might {unknown}
 I - 5 potions of ambrosia
 R - a potion of haste {unknown}


   Skills:
 + Level 15.2 Fighting
 - Level 4.0 Armour
 - Level 8.0 Dodging
 - Level 1.7 Stealth
 - Level 4.0 Shields
 + Level 5.7 Spellcasting
 + Level 9.3 Fire Magic
 + Level 12.1 Ice Magic
 + Level 9.3 Air Magic
 - Level 2.0 Evocations


You had 12 spell levels left.
You knew the following spells:

 Your Spells              Type           Power      Damage    Failure   Level
a - Freeze                Ice            100%       1d10      1%          1
b - Frozen Ramparts       Ice            100%       1d16      1%          3
c - Ozocubu's Armour      Ice            83%        N/A       1%          3
d - Plasma Beam           Fire/Air       27%        2x1d40    9%          6

Your spell library contained the following spells:

 Spells                   Type           Power      Damage    Failure   Level
 Conjure Ball Lightning   Conj/Air       16%        3x3d6     47%         6
 Foxfire                  Conj/Fire      100%       2x1d9     1%          1
 Ignite Poison            Fire/Tmut/Pois 24%        N/A       2%          3
 Cigotuvi's Dreadful Rot  Necr/Pois/Air  48%        N/A       4%          2
 Dazzling Flash           Conj/Hex       22%        N/A       9%          3
 Summon Ice Beast         Ice/Summ       57%        N/A       9%          4
 Sting                    Tmut/Pois      28%        1d4       10%         1
 Fireball                 Conj/Fire      16%        3d8       11%         5
 Spider Form              Tmut/Pois      7%         N/A       30%         3
 Silence                  Hex/Air        24%        N/A       38%         5
 Starburst                Conj/Fire      16%        6d6       47%         6
 Petrify                  Tmut/Erth      7%         N/A       69%         4
 Agony                    Necr           7%         N/A       95%         5
 Summon Forest            Summ/Tloc      3%         N/A       95%         5
 Eringya's Noxious Bog    Tmut/Pois      3%         4d6       97%         6
 Malign Gateway           Summ/Tloc      3%         N/A       100%        7
 Summon Hydra             Summ           3%         N/A       100%        7
 Summon Horrible Things   Summ           3%         N/A       100%        8


Dungeon Overview and Level Annotations

Branches:
Dungeon (10/15)            Temple (1/1) D:4            Lair (5/5) D:10
 Shoals (0/4) Lair:2        Snake (0/4) Lair:3        Slime (0/5) Lair:4
    Orc (2/2) D:10            Elf (0/3) Orc:2        Bailey (visited)
  IceCv (visited)

Altars:
Ashenzari
Cheibriados
Dithmenos
Fedhas
Gozag
Hepliaklqana
Kikubaaqudgha
Makhleb
Nemelex Xobeh
Okawaru
Qazlal
Ru
Sif Muna
Trog
Uskayaw
Vehumet
Wu Jian
Xom
Yredelemnul

Shops:
Orc:1 =

Annotations:
D:10 5 transporters
Lair:5 exclusion: oklob plant
Orc:2 2 transporters, ciphuk's ghost, journeyman TrMo


Innate Abilities, Weirdness & Mutations

You are partially covered in sharp spines.
When hurt, damage is shared between your health and your magic reserves.
You regenerate magic rapidly.
Your melee attacks may debilitate your foes.
You have an extremely huge brain. (Int +4)
Your hexes are more powerful.
You have a tail ending in a sharp stinger.


Message History

Your attack snaps the orc knight out of its fear.
You block the orc knight's attack.
The wall freezes the orc warrior.
Your attack snaps the orc warrior out of its fear.
The orc warrior hits you with a +0 war axe!
* * * LOW HITPOINT WARNING * * *
Okay, then.
Unknown command.
You feel better.
The wall freezes the orc knight.
The orc knight hits you but does no damage.
The wall freezes the orc warrior!
The orc warrior is struck by your spines.
The orc warrior hits you with a +0 war axe.
* * * LOW HITPOINT WARNING * * *
You feel better.
The wall freezes the orc knight!
The orc knight is struck by your spines.
The orc knight hits you with a +0 long sword!
* * * LOW HITPOINT WARNING * * *
The wall freezes the orc warrior but does no damage.
The orc warrior hits you but does no damage.
You feel better.
The wall freezes the orc knight but does no damage.
The orc knight hits you with a +0 long sword!
* * * LOW HITPOINT WARNING * * *
The wall freezes the orc warrior but does no damage.
The orc warrior hits you with a +0 war axe!
* * * LOW HITPOINT WARNING * * *
You are confused.
You feel invigorated.
The wall freezes the orc knight.
The orc knight hits you with a +0 long sword.
* * * LOW HITPOINT WARNING * * *
The wall freezes the orc warrior but does no damage.
The orc warrior hits you with a +0 war axe.
* * * LOW HITPOINT WARNING * * *
The wall freezes the orc knight.
The orc knight is struck by your spines.
The orc knight hits you with a +0 long sword!
* * * LOW HITPOINT WARNING * * *
The wall freezes the orc warrior.
The orc warrior hits you with a +0 war axe!
You die...

#..#...#..# ##.#......
##...o...## #.####)..
###...####### ##..# #...
#........#.# ###...###.[[
##......)[.## #.......##.#
###........[..#### ##.......####
.#.#.......#..##.####.........###
..............))o.##.....[)...#.#
.#......).)....o@..##)..........#
#............#.#....[[.....[)...#
.......#....#####..........).....
#.........o..##.........####.....
#.............####.....[[#.))<...
##..........^..# #...).[.))).....
#.......o....## ###.............
##...........## #.........#.##
##.#.........## #.........###


You could see an orc knight (strong) and an orc warrior (strong).

Vanquished Creatures
  An ettin (Orc:2)
  A fire dragon (Lair:5)
  7 hydras
  2 boulder beetles
  A centaur warrior (D:8)
  3 two-headed ogres
  A tengu warrior (D:8)
  7 death yaks
  An orc high priest (Orc:2)
  Nergalle (Lair:2)
  2 skysharks
  2 slime creatures (D:8)
  An orb spider (shapeshifter) (D:8)
  2 lindwurms
  Pikel (D:5)
  9 orc knights
  A deep elf pyromancer (D:8)
  4 orc sorcerers
  5 elephants (Lair:4)
  An ugly thing (IceCv)
  Maurice (Orc:2)
  2 merfolk sirens (Lair:2)
  2 molten gargoyles (Lair:5)
  15 cane toads
  A torpor snail (Lair:5)
  9 black mambas
  2 gargoyles (D:10)
  Maggie (Lair:1)
  2 rime drakes
  9 komodo dragons
  2 merfolk (Lair:2)
  A queen bee (Lair:1)
  15 polar bears
  2 trolls
  19 blink frogs
  Sigmund (D:6)
  A wraith (D:10)
  4 wyverns
  68 yaks
  6 basilisks
  4 steam dragons
  2 nagas (Lair:3)
  10 water moccasins
  4 hell hounds (Lair:5)
  27 orc warriors
  A black bear (Lair:3)
  A sky beast (D:7)
  An ice beast (D:8)
  10 ogres
  26 wolves
  3 centaurs
  A lemure (D:5)
  2 phantoms (D:5)
  4 kobold brigands
  14 bullfrogs
  5 scorpions
  9 wights
  45 killer bees
  3 electric eels
  4 howler monkeys
  3 lava snakes (Lair:5)
  2 hounds
  4 jellies
  21 orc priests
  2 gnoll boudas (D:8)
  2 iguanas
  2 sleepcaps
  14 orc wizards
  2 hell rats (D:10)
  6 adders
  9 gnolls
  2 river rats (D:10)
  A shadow imp (D:6)
  A white imp (D:7)
  An ufetubus (D:5)
  A worm (D:2)
  3 dart slugs
  67 orcs
  5 endoplasms
  4 giant cockroaches
  13 goblins
  9 hobgoblins
  8 jackals
  4 quokkas
  7 ball pythons
  6 bats
  3 frilled lizards
  30 kobolds
  5 rats
629 creatures vanquished.

Notes
Turn   | Place    | Note
-------+----------+-------------------------------------------
     0 | D:1      | Essalna the Demonspawn Ice Elementalist began the quest for
                  | the Orb.
     0 | D:1      | Reached XP level 1. HP: 13/13 MP: 3/3
   273 | D:1      | Reached skill level 1 in Fighting
   319 | D:1      | Gained mutation: You are partially covered in sharp spines.
                  | [demonic ancestry]
   319 | D:1      | Reached XP level 2. HP: 18/21 MP: 5/5
   603 | D:1      | Found a faded altar of an unknown god.
   747 | D:2      | Gained mutation: You regenerate magic rapidly. [demonic
                  | ancestry]
   747 | D:2      | Reached XP level 3. HP: 22/27 MP: 6/6
   817 | D:2      | Reached skill level 2 in Fighting
  1492 | D:3      | Reached XP level 4. HP: 34/34 MP: 3/7
  1511 | D:3      | Found a stormy altar of Qazlal.
  2056 | D:4      | Noticed an ogre
  2114 | D:4      | Reached skill level 3 in Fighting
  2173 | D:4      | Learned a level 3 spell: Frozen Ramparts
  2262 | D:4      | Reached XP level 5. HP: 5/41 MP: 4/8
  2434 | D:4      | Killed an ogre
  2435 | D:4      | Reached skill level 5 in Ice Magic
  2598 | D:4      | Reached skill level 4 in Fighting
  2598 | D:4      | Reached XP level 6. HP: 48/48 MP: 5/9
  3178 | D:4      | Found a staircase to the Ecumenical Temple.
  3194 | Temple   | Entered the Ecumenical Temple
  3287 | Temple   | Became a worshipper of Vehumet
  3411 | D:5      | Entered Level 5 of the Dungeon
  3420 | D:5      | HP: 2/49 [ogre/+0 giant spiked club (27)]
  3616 | D:5      | Reached skill level 5 in Fighting
  3616 | D:5      | Gained mutation: When hurt, damage is shared between your
                  | health and your magic reserves. [demonic ancestry]
  3616 | D:5      | Reached XP level 7. HP: 41/56 MP: 5/10
  3734 | D:5      | Found a hide-covered altar of Uskayaw.
  3752 | D:5      | Noticed Pikel
  3770 | D:5      | Killed Pikel
  3771 | D:5      | Reached skill level 6 in Fighting
  3771 | D:5      | Gained mutation: You have an unusually large brain. (Int
                  | +2) [demonic ancestry]
  3771 | D:5      | Reached XP level 8. HP: 64/65 MP: 4/11
  4018 | D:5      | Reached skill level 7 in Fighting
  4532 | D:6      | Reached * piety under Vehumet
  4532 | D:6      | Offered knowledge of Kiss of Death by Vehumet.
  4610 | D:6      | Reached skill level 8 in Fighting
  5192 | D:6      | Noticed Sigmund
  5210 | D:6      | Killed Sigmund
  5211 | D:6      | Gained mutation: You have an extremely huge brain. (Int +4)
                  | [demonic ancestry]
  5211 | D:6      | Reached XP level 9. HP: 72/75 MP: 7/12
  5516 | D:7      | Found a flagged portal.
  5528 | Bailey   | Entered a bailey
  5572 | Bailey   | Reached skill level 1 in Armour
  5611 | Bailey   | Reached ** piety under Vehumet
  5612 | Bailey   | Offered knowledge of Searing Ray by Vehumet.
  5642 | Bailey   | Noticed an orc sorcerer
  5653 | Bailey   | Killed an orc sorcerer
  5731 | Bailey   | Found an iron altar of Okawaru.
  5733 | Bailey   | Noticed an orc sorcerer
  5737 | Bailey   | Noticed a hellwing
  5742 | Bailey   | Reached skill level 9 in Fighting
  5744 | Bailey   | Noticed a hellwing
  5751 | Bailey   | Killed an orc sorcerer
  5882 | Bailey   | Identified the +1 plate armour of Catatonia {Int+2 Dex+3}
  5923 | Bailey   | Identified the +11 trident "Comitico" {holy, rCorr Int+3
                  | Stlth+}
  5924 | Bailey   | Acquired a +0 buckler of protection
  6005 | D:7      | You fall into a shaft and drop 3 floors!
  6005 | D:10     | Entered Level 10 of the Dungeon
  6151 | D:10     | Found a transporter.
  6160 | D:10     | Gained mutation: You have a small tail. [demonic ancestry]
  6160 | D:10     | Reached XP level 10. HP: 83/83 MP: 10/13
  6196 | D:10     | Found a transporter.
  6196 | D:10     | Noticed a rakshasa
  6225 | D:10     | Found a staircase to the Orcish Mines.
  6226 | D:10     | Noticed a two-headed ogre
  6234 | D:10     | Upgraded the game from 0.31-a0-221-gbddc013574 to
                  | 0.31-a0-222-gefeffbb62a
  6239 | D:10     | Killed a two-headed ogre
  6240 | D:10     | Reached skill level 1 in Shields
  6267 | D:10     | Noticed a two-headed ogre
  6272 | D:10     | Noticed a death yak
  6288 | D:10     | Killed a two-headed ogre
  6289 | D:10     | Noticed a death yak
  6457 | D:10     | Found a staircase to the Lair.
  6479 | D:10     | Noticed a death yak
  6507 | D:10     | Killed a death yak
  6508 | D:10     | Reached skill level 5 in Dodging
  6509 | D:10     | Offered knowledge of Volatile Blastmotes by Vehumet.
  6511 | D:10     | Killed a death yak
  6512 | D:10     | Reached skill level 10 in Fighting
  6512 | D:10     | Reached skill level 10 in Ice Magic
  6513 | D:10     | Killed a death yak
  6516 | D:10     | Noticed a gargoyle
  6532 | Lair:1   | Entered Level 1 of the Lair of Beasts
  6536 | Lair:1   | Gained mutation: You have a tail ending in a sharp stinger.
                  | [demonic ancestry]
  6536 | Lair:1   | Reached XP level 11. HP: 27/92 MP: 5/14
  6846 | Lair:1   | Reached *** piety under Vehumet
  6854 | Lair:1   | Learned a level 3 spell: Ozocubu's Armour
  7481 | Lair:1   | Reached skill level 11 in Fighting
  7523 | Lair:1   | Noticed Maggie
  7539 | Lair:1   | Killed Maggie
  7659 | Lair:1   | Offered knowledge of Sticky Flame by Vehumet.
  7819 | Lair:1   | Reached **** piety under Vehumet
  7880 | Lair:1   | Offered knowledge of Olgreb's Toxic Radiance by Vehumet.
  8122 | Lair:1   | Learned a level 6 spell: Plasma Beam
  8413 | Lair:2   | Noticed Nergalle
  8430 | Lair:2   | Noticed a spectral orc warlord
  8432 | Lair:2   | Killed Nergalle
  8604 | Lair:2   | Reached skill level 1 in Fire Magic
  8604 | Lair:2   | Reached skill level 1 in Air Magic
  8604 | Lair:2   | Reached XP level 12. HP: 85/97 MP: 15/15
  8904 | Lair:2   | Reached skill level 12 in Fighting
  8998 | Lair:2   | Found a staircase to the Shoals.
  9477 | Lair:3   | Noticed a four-headed hydra
  9488 | Lair:3   | Noticed a five-headed hydra
  9495 | Lair:3   | Reached ***** piety under Vehumet
  9499 | Lair:3   | Killed a five-headed hydra
  9499 | Lair:3   | Offered knowledge of Freezing Cloud by Vehumet.
  9543 | Lair:3   | Found a frozen archway.
  9556 | IceCv    | Entered an ice cave
  9777 | IceCv    | Reached skill level 5 in Fire Magic
  9778 | IceCv    | Reached skill level 5 in Air Magic
  9789 | IceCv    | Reached skill level 13 in Fighting
 10165 | IceCv    | Gained mutation: Your hexes are more powerful. [demonic
                  | ancestry]
 10165 | IceCv    | Reached XP level 13. HP: 98/111 MP: 16/16
 10272 | IceCv    | Noticed a frost giant
 11311 | Lair:3   | Found a staircase to the Snake Pit.
 11556 | Lair:3   | Offered knowledge of Spellforged Servitor by Vehumet.
 11883 | Lair:4   | Found a staircase to the Slime Pits.
 12250 | Lair:4   | Identified the staff of Hell's Wrath {rPois Stlth+ Poison}
 12305 | Lair:4   | Reached skill level 14 in Fighting
 12777 | Lair:5   | Entered Level 5 of the Lair of Beasts
 13137 | Lair:5   | Gained mutation: Your melee attacks may debilitate your
                  | foes. [demonic ancestry]
 13137 | Lair:5   | Reached XP level 14. HP: 121/121 MP: 15/17
 13443 | Lair:5   | Offered knowledge of Ozocubu's Refrigeration by Vehumet.
 13782 | Lair:5   | Found a large runed translucent door.
 13783 | Lair:5   | Found a large runed translucent door.
 13903 | Lair:5   | Identified the +8 dagger "Rummage" {heavy, *Slow rC++
                  | Int+3}
 13997 | Lair:5   | Found a hide-covered altar of Uskayaw.
 15016 | D:10     | Found a transporter.
 15118 | D:9      | Found a blossoming altar of Fedhas.
 15119 | D:9      | Found an ancient bone altar of Kikubaaqudgha.
 15379 | D:8      | Offered knowledge of Irradiate by Vehumet.
 15422 | D:8      | Identified the +1 leather armour "Sokh" {Rampage Int+3
                  | Stlth-}
 15500 | D:8      | Identified the +2 sling "Ucis" {freeze, rC++ Dex+3}
 15520 | D:8      | Got Sif Muna's Dissertation on the Dose and the
                  | Shapeshifter
 15653 | D:8      | Found a burning altar of Makhleb.
 15887 | D:7      | Identified the +6 quarterstaff "Tutav" {heavy, Dex+3}
 16249 | D:8      | Upgraded the game from 0.31-a0-222-gefeffbb62a to
                  | 0.31-a0-227-ga22c3bf811
 16268 | D:8      | Reached skill level 15 in Fighting
 16697 | D:9      | Reached skill level 1 in Evocations
 16758 | D:9      | Reached skill level 5 in Spellcasting
 17621 | D:10     | Found a transporter.
 17621 | D:10     | Found a transporter.
 17666 | Orc:1    | Entered Level 1 of the Orcish Mines
 17881 | Orc:2    | Entered Level 2 of the Orcish Mines
 17901 | Orc:2    | Noticed Maurice
 17981 | Orc:2    | Killed Maurice
 18014 | Orc:2    | Found a staircase to the Elven Halls.
 18120 | Orc:2    | Found a transporter.
 18141 | Orc:1    | Paralysed by an orc sorcerer for 4 turns
 18222 | Orc:1    | Found Esetuon's Jewellery Shoppe.
 18363 | Orc:2    | Noticed ciphuk's ghost (journeyman TrMo)
 18372 | Orc:2    | Found a transporter.
 18756 | Orc:2    | Reached ****** piety under Vehumet
 18838 | Orc:2    | Offered knowledge of Conjure Ball Lightning by Vehumet.
 19039 | Orc:2    | Reached XP level 15. HP: 47/129 MP: 14/23
 19046 | Orc:2    | Slain by an orc warrior

Illustrated notes

Levels and vault maps discovered:
D:1:      dpeg_arrival_rooms_b, layout_basic,
          dilly_ecumenical_altar_fadedgnrine, minmay_unequal
D:2:      layout_basic
D:3:      layout_basic, nicolae_qazlal_scattered_showers, amcnicky_altar_gilded
D:4:      layout_rooms, minmay_temple_entry_antechambers, serial_glass,
          glass_columns_b, glass_columns_b, due_unseen_surprise,
          minmay_strange_pillars, item_on_display_a, columned_hall_lemuel,
          minmay_stone_trees_small, nrook_uturn, minmay_pentangle
D:5:      layout_rooms, mainiacjoe_overflow_six_doors_small,
          kennysheep_generic_room_4, uniq_pikel
D:6:      layout_basic, uniq_sigmund
D:7:      layout_basic, enter_bailey_2
D:8:      minmay_the_grid_octo_triangle [minmay_the_grid_octo_thin_diamonds,
          minmay_the_grid_octo_prize_ultimate_mussel_roller,
          minmay_the_grid_octo_empty], layout_loops_ring, general_overflow_altar
D:9:      layout_gridville, grunt_temple_overflow_growth_and_decay
D:10:     gammafunk_the_bubble [the_bubble_gammafunk_roulette],
          layout_stronghold, dpeg_lair_monsters, david_orc_2
Temple:   lightli_temple_of_artemis
Lair:1:   layout_roguey [special_room_bee], cheibrodos_lair_lostbears,
          wad_woods_river_01, serial_bayou_shore_a, uniq_maggie
Lair:2:   layout_long_grid, elwin_shoals_entry_stream, lemuel_fruit_tree,
          uniq_nergalle
Lair:3:   layout_big_grid, guppyfry_snake_entry_garden,
          portal_ice_cave_entry_pillars_1, st_stairs_9
Lair:4:   layout_long_grid, nicolae_slime_entry_field_trip
Lair:5:   cheibrodos_lair_end_hotspot, layout_layer_cave, lemuel_oklob_altar,
          infiniplex_staircase_pool_2
Orc:1:    layout_caves, basic_altar, serial_shops, nicolae_shop_gaudy_bauble
Orc:2:    st_orc_pillars, layout_diamond_mine,
          gammafunk_ghost_berserking_beasts, uniq_maurice

Skill      XL: |  1  2  3  4  5  6  7  8  9 10 11 12 13 14 |
---------------+-------------------------------------------+-----
Fighting       | 1 2 3 4 5 6 8 9 10 11 13 14 15 | 15.2
Ice Magic      | 4 5 6 7 8 9 10 11 12 | 12.1
Dodging        | 3 5 7 8 |  8.0
Armour         | 3 4 |  4.0
Shields        | 4 |  4.0
Fire Magic     | 1 5 8 9 |  9.3
Air Magic      | 1 5 8 9 |  9.3
Spellcasting   | 5 |  5.7
Evocations     | 2 |  2.0
Stealth        | |  1.7

Action                     |  1- 3 |  4- 6 |  7- 9 | 10-12 | 13-15 || total
---------------------------+-------+-------+-------+-------+-------++-------
  Melee: Short sword       |    84 |    32 |       |       |    11 ||   127
         Punch             |     1 |     2 |     1 |       |       ||     4
         Staff             |       |    28 |    80 |   223 |   581 ||   912
         Tailslap          |       |       |       |    42 |   127 ||   169
   Cast: Freeze            |     8 |     7 |    32 |    69 |    35 ||   151
         Frozen Ramparts   |       |    10 |    26 |    63 |   129 ||   228
         Ozocubu's Armour  |       |       |       |    16 |    43 ||    59
         Plasma Beam       |       |       |       |       |    18 ||    18
  Evoke: Wand              |       |       |       |     9 |     3 ||    12
    Use: Potion            |       |     1 |       |     7 |     7 ||    15
         Scroll            |       |       |    10 |     3 |     7 ||    20
   Stab: Sleeping          |     5 |     4 |       |       |       ||     9
         Distracted        |       |       |       |       |     2 ||     2
 Armour: Robe              |    22 |    13 |    16 |    45 |       ||    96
         Steam dragon scal |       |       |       |    80 |   270 ||   350
  Dodge: Dodged            |    46 |    33 |   115 |   386 |   739 ||  1319
  Block: Buckler           |       |       |     1 |   189 |   310 ||   500

Table legend: (Time is in decaauts)
 A = Elapsed time spent in this place.
 B = Non-inter-level travel time spent in this place.
 C = Inter-level travel time spent in this place.
 D = Time resting spent in this place.
 E = Time spent auto-exploring this place.
 F = Levels seen in this place.
 G = Mean time per level.
                   A        B        C        D        E       F      G
               +--------+--------+--------+--------+--------+-----+--------+
         Total |  19315 |  18588 |    727 |    313 |  13527 |  20 |  965.8 |
       Dungeon |   8869 |   8547 |    322 |     62 |   6726 |  10 |  886.9 |
        Temple |    110 |     94 |     16 |      0 |     80 |   1 |  110.0 |
          Lair |   6943 |   6583 |    360 |    185 |   4704 |   5 | 1388.6 |
  Orcish Mines |   1419 |   1390 |     29 |     66 |    727 |   2 |  709.5 |
        Bailey |    427 |    427 |      0 |      0 |    266 |   1 |  427.0 |
      Ice Cave |   1544 |   1544 |      0 |      0 |   1023 |   1 | 1544.0 |
               +--------+--------+--------+--------+--------+-----+--------+

Top non-repeatable levels by time:
  Lair:5: 2006 daAuts
  Lair:1: 1977 daAuts
   IceCv: 1544 daAuts
     D:4: 1273 daAuts
  Lair:3: 1261 daAuts
  Lair:2: 1106 daAuts
     D:9: 1045 daAuts
     D:6: 1040 daAuts
    D:10: 1025 daAuts
     D:5: 986 daAuts
     D:8: 907 daAuts
   Orc:2: 897 daAuts
     D:2: 784 daAuts
     D:3: 642 daAuts
     D:1: 625 daAuts
